 Dungeon Crawl Stone Soup version 0.29-a0-668-g12ee2bf84d (webtiles) character file.

Game seed: 4616791212252395196

403 testman the Chiller (level 6, -3/47 HPs)
             Began as a Gnoll Wanderer on June 23, 2022.
             Slain by xian's ghost (17 damage)
             ... on level 4 of the Dungeon.
             The game lasted 00:17:24 (5464 turns).

testman the Chiller (Gnoll Wanderer)                Turns: 5464, Time: 00:17:25

Health: -3/47      AC:  3    Str: 10    XL:     6   Next: 86%
Magic:  8/14       EV: 13    Int: 12    God:
Gold:   159        SH:  0    Dex: 14    Spells: 9/15 levels left

rFire   . . .      SeeInvis .   n - +2 whip (drain)
rCold   . . .      Faith    .   (no shield)
rNeg    + . .      Spirit   .   c - +0 robe
rPois   .          Reflect  .   (no helmet)
rElec   .          Harm     .   p - scarf {+Inv}
rCorr   .          Rampage  .   l - +0 pair of gloves
Will    .....                   (no boots)
Stlth   ++........              (no amulet)
HPRegen 0.15/turn               j - ring of positive energy
MPRegen 0.14/turn               (no ring)

@: freezing walls
A: fangs 1, strong nose, distributed training
a: Evoke Invisibility


You were on level 4 of the Dungeon.
You visited 1 branch of the dungeon, and saw 4 of its levels.

You collected 159 gold pieces.

Inventory:

Hand Weapons
 a - a +0 dagger
 n - a +2 whip of draining (weapon)
 r - a +1 mace of holy wrath
 t - a +4 dagger
Missiles
 e - 13 poisoned darts
 v - 5 silver javelins
Armour
 c - a +0 robe (worn)
 l - a +0 pair of gloves (worn)
 p - a scarf of invisibility (worn)
Magical Staves
 w - a staff of death
Jewellery
 j - a ring of positive energy (left hand)
Scrolls
 h - a scroll of teleportation
 i - a scroll of fog {unknown}
 k - a scroll of enchant weapon {unknown}
 m - a scroll of magic mapping {unknown}
 s - a scroll of noise {unknown}
Potions
 b - a potion of brilliance
 d - 2 potions of lignification
 f - 2 potions of mutation
 g - 2 potions of heal wounds
 q - 2 potions of curing {unknown}
 u - a potion of ambrosia {unknown}


   Skills:
 + Level 3.3 Fighting
 + Level 2.1 Short Blades
 + Level 2.1 Long Blades
 + Level 2.1 Axes
 + Level 2.1 Maces & Flails
 + Level 2.1 Polearms
 + Level 2.1 Staves
 + Level 2.1 Slings
 + Level 2.1 Bows
 + Level 2.1 Crossbows
 + Level 2.1 Throwing
 + Level 2.1 Armour
 + Level 3.3 Dodging
 + Level 2.1 Stealth
 + Level 2.1 Shields
 + Level 2.1 Unarmed Combat
 + Level 5.4 Spellcasting
 + Level 1.7 Conjurations
 + Level 1.7 Hexes
 + Level 1.7 Summonings
 + Level 1.7 Necromancy
 + Level 4.2 Translocations
 + Level 1.7 Transmutations
 + Level 1.7 Fire Magic
 + Level 5.7 Ice Magic
 + Level 1.7 Air Magic
 + Level 1.7 Earth Magic
 + Level 1.7 Poison Magic
 + Level 2.3 Invocations
 + Level 3.3 Evocations


You had 9 spell levels left.
You knew the following spells:

 Your Spells              Type           Power      Damage    Failure   Level
a - Freeze                Ice            68%        1d8       1%          1
b - Ensorcelled Hibernat  Hex/Ice        24%        N/A       6%          2
c - Frozen Ramparts       Ice            34%        1d5       5%          3

Your spell library contained the following spells:

 Spells                   Type           Power      Damage    Failure   Level
 Apportation              Tloc           26%        N/A       3%          1
 Portal Projectile        Hex/Tloc       20%        N/A       17%         3
 Confusing Touch          Hex            7%         N/A       28%         3
 Yara's Violent Unravell  Hex/Tmut       3%         3d4       95%         5
 Enfeeble                 Hex            3%         N/A       100%        7


Dungeon Overview and Level Annotations

Branches:
Dungeon (4/15)
 Temple: D:4-7

Altars:
Ru

Shops:
D:2 [   D:4 [

Annotations:
D:4 xian's ghost, amateur DsFi


Innate Abilities, Weirdness & Mutations

You have very sharp teeth.
Your uncanny sense of smell can sniff out nearby items.
Your experience applies equally to all skills.


Message History

The walls around you are covered in ice.
Xian's ghost resists.
The wall freezes xian's ghost.
You barely miss xian's ghost.
Xian's ghost is lightly damaged.
Xian's ghost resists.
The wall freezes xian's ghost.
Xian's ghost hits you.
You hit xian's ghost but do no damage.
Xian's ghost is lightly damaged.
Xian's ghost resists.
The wall freezes xian's ghost.
Xian's ghost misses you.
You hit xian's ghost.
Xian's ghost is lightly damaged.
Xian's ghost resists.
The wall freezes xian's ghost.
Xian's ghost hits you but does no damage.
You hit xian's ghost but do no damage.
Xian's ghost is lightly damaged.
Xian's ghost resists.
The wall freezes xian's ghost.
Xian's ghost hits you!
You hit xian's ghost but do no damage.
You bite xian's ghost, but do no damage.
Xian's ghost is lightly damaged.
Xian's ghost resists.
The wall freezes xian's ghost.
Xian's ghost hits you!
You barely miss xian's ghost.
Xian's ghost is moderately damaged.
Xian's ghost resists.
The wall freezes xian's ghost.
Xian's ghost barely misses you.
You hit xian's ghost.
Xian's ghost is moderately damaged.
The frozen ramparts melt away.
Xian's ghost barely misses you.
Casting: Frozen Ramparts (dangerous; 5% risk of failure)
Confirm with . or Enter, or press ? or * to list all spells.
Casting: Frozen Ramparts (dangerous; 5% risk of failure)
Press: ? - help, Dir - look around, f - activate The walls around you are covered in ice.
Xian's ghost resists.
The wall freezes xian's ghost.
Xian's ghost hits you!
* * * LOW HITPOINT WARNING * * *
Aiming: Freeze (safe; 1% risk of failure)
Press: ? - help, Q - select action, (/) - cycle Shift-Dir - straight line, f - xian's ghost
Aim: xian's ghost (moderately damaged)
You freeze xian's ghost.
Xian's ghost resists.
Xian's ghost is moderately damaged.
Xian's ghost resists.
The wall freezes xian's ghost.
Xian's ghost hits you!
You die...

.# #...............))..∩..<..+...
.# #.......#....#...############.
.# #......##...##..##..##.....###
.# #.....###...#..###..####....#
.###.....# #......# ##.# #....#
.##.....####......# #.# ##...##
.......)).#.......# #.## ##.....
....#####).....#..# #..###......
..### ##......@### ##.##.....#.
...# ##.#####W.# #...#....###
...## #...##...###......###
....## ###.#.##.##.......#..###
.#...####..............##.#..#.##
.##...##...........w...###.##.#..
..#........#########..## #.#...#.
.....#.....#....S..#..# ####....
......###..#...#...#..# #....


You could see xian's ghost.

Vanquished Creatures
  An ogre (D:4)
  3 orc priests (D:4)
  An iguana (D:4)
  An orc wizard (D:4)
  6 adders
  4 gnolls (D:2)
  4 dart slugs
  5 orcs (D:4)
  5 ball pythons
  A bat (D:2)
  8 endoplasms
  4 giant cockroaches
  8 goblins
  9 hobgoblins
  5 jackals
  A quokka (D:1)
  4 frilled lizards (D:1)
  6 kobolds
  4 rats
80 creatures vanquished.

Notes
Turn   | Place    | Note
-------+----------+-------------------------------------------
     0 | D:1      | testman the Gnoll Wanderer began the quest for the Orb.
     0 | D:1      | testman set off with the following items: a +0 dagger, a
                  | potion of brilliance, a +0 robe, a potion of lignification;
                  | and the following spells available to memorise: Freeze,
                  | Apportation, Frozen Ramparts, Ensorcelled Hibernation,
                  | Portal Projectile.
     0 | D:1      | Reached XP level 1. HP: 17/17 MP: 6/6
     2 | D:1      | Learned a level 1 spell: Freeze
   448 | D:1      | Reached XP level 2. HP: 23/23 MP: 5/7
   593 | D:1      | Learned a level 2 spell: Ensorcelled Hibernation
   901 | D:1      | Reached XP level 3. HP: 14/28 MP: 3/9
  1063 | D:1      | Reached skill level 5 in Spellcasting
  1595 | D:2      | Reached skill level 1 in Invocations
  1690 | D:2      | Reached skill level 1 in Short Blades
  1690 | D:2      | Reached skill level 1 in Long Blades
  1690 | D:2      | Reached skill level 1 in Axes
  1690 | D:2      | Reached skill level 1 in Maces & Flails
  1690 | D:2      | Reached skill level 1 in Polearms
  1690 | D:2      | Reached skill level 1 in Staves
  1690 | D:2      | Reached skill level 1 in Slings
  1690 | D:2      | Reached skill level 1 in Bows
  1690 | D:2      | Reached skill level 1 in Crossbows
  1690 | D:2      | Reached skill level 1 in Throwing
  1690 | D:2      | Reached skill level 1 in Armour
  1690 | D:2      | Reached skill level 1 in Stealth
  1690 | D:2      | Reached skill level 1 in Shields
  1690 | D:2      | Reached skill level 1 in Unarmed Combat
  1838 | D:2      | Found Uliuzxep's Armour Shop.
  2133 | D:2      | Reached XP level 4. HP: 14/34 MP: 3/11
  2404 | D:2      | Reached skill level 1 in Conjurations
  2404 | D:2      | Reached skill level 1 in Hexes
  2404 | D:2      | Reached skill level 1 in Summonings
  2404 | D:2      | Reached skill level 1 in Necromancy
  2404 | D:2      | Reached skill level 1 in Transmutations
  2404 | D:2      | Reached skill level 1 in Fire Magic
  2404 | D:2      | Reached skill level 1 in Air Magic
  2404 | D:2      | Reached skill level 1 in Earth Magic
  2404 | D:2      | Reached skill level 1 in Poison Magic
  2714 | D:2      | Learned a level 3 spell: Frozen Ramparts
  2889 | D:2      | Reached XP level 5. HP: 29/40 MP: 9/12
  3189 | D:3      | Found a sacrificial altar of Ru.
  3528 | D:4      | Found Suxkoi Piec's Armour Boutique.
  3772 | D:4      | Reached XP level 6. HP: 33/47 MP: 4/13
  3871 | D:4      | Noticed xian's ghost (amateur DsFi)
  3952 | D:4      | Found a runed translucent gate.
  3953 | D:4      | Found a runed translucent gate.
  3954 | D:4      | Found a runed translucent gate.
  5464 | D:4      | Slain by xian's ghost

Illustrated notes

Levels and vault maps discovered:
D:1:      dpeg_arrival_chambers_temple_mockup, layout_rooms,
          chequers_serial_rivers_room_a, minmay_octomino_e4
D:2:      layout_loops_ring, serial_shops, nicolae_diamond_shop
D:3:      layout_rooms, nicolae_ru_awakened_eye
D:4:      layout_layer_cave, gammafunk_ghost_split, serial_shops,
          nicolae_shop_hallway_stairs, minmay_checkerbox

Skill      XL: |  1  2  3  4  5  6 |
---------------+-------------------+-----
Spellcasting   | 5 |  5.4
Invocations    | 1 2 |  2.3
Short Blades   | 1 2 |  2.1
Long Blades    | 1 2 |  2.1
Axes           | 1 2 |  2.1
Maces & Flails | 1 2 |  2.1
Polearms       | 1 2 |  2.1
Staves         | 1 2 |  2.1
Slings         | 1 2 |  2.1
Bows           | 1 2 |  2.1
Crossbows      | 1 2 |  2.1
Throwing       | 1 2 |  2.1
Armour         | 1 2 |  2.1
Stealth        | 1 2 |  2.1
Shields        | 1 2 |  2.1
Unarmed Combat | 1 2 |  2.1
Conjurations   | 1 |  1.7
Hexes          | 1 |  1.7
Summonings     | 1 |  1.7
Necromancy     | 1 |  1.7
Transmutations | 1 |  1.7
Fire Magic     | 1 |  1.7
Air Magic      | 1 |  1.7
Earth Magic    | 1 |  1.7
Poison Magic   | 1 |  1.7
Fighting       | 3 |  3.3
Dodging        | 3 |  3.3
Translocations | 4 |  4.2
Evocations     | 3 |  3.3
Ice Magic      | |  5.7

Action                   |  1- 3 |  4- 6 || total
-------------------------+-------+-------++-------
Melee: Dagger            |    43 |     9 ||    52
       Bite              |     3 |     8 ||    11
       Whip              |       |    59 ||    59
Throw: Dart              |     1 |       ||     1
 Cast: Freeze            |    50 |    23 ||    73
       Frozen Ramparts   |       |    10 ||    10
       Ensorcelled Hiber |       |     1 ||     1
  Use: Scroll            |       |     3 ||     3
 Stab: Sleeping          |     2 |     3 ||     5
Armor: Robe              |     7 |    12 ||    19
Dodge: Dodged            |    59 |    48 ||   107

Table legend: (Time is in decaauts)
 A = Elapsed time spent in this place.
 B = Non-inter-level travel time spent in this place.
 C = Inter-level travel time spent in this place.
 D = Time resting spent in this place.
 E = Time spent auto-exploring this place.
 F = Levels seen in this place.
 G = Mean time per level.
                   A        B        C        D        E       F      G
               +--------+--------+--------+--------+--------+-----+--------+
         Total |   5462 |   5322 |    140 |    872 |   3846 |   4 | 1365.5 |
       Dungeon |   5462 |   5322 |    140 |    872 |   3846 |   4 | 1365.5 |
               +--------+--------+--------+--------+--------+-----+--------+

Top non-repeatable levels by time:
     D:4: 1936 daAuts
     D:1: 1704 daAuts
     D:2: 1325 daAuts
     D:3: 497 daAuts
